| TOP OF THE 1ST |
|
St. Cloud Rox batting - Pitching for Huron Cubs : RHP Rich N Thompson
|
|
Pitching: RHP Rich N Thompson
|
|
|
Batting: LHB Doran Perdue
|
0-0: Ball 1-0: Foul Ball, location: 2F 1-1: Ball 2-1: Ball 3-1: Called Strike 3-2: Fly out, F2 (Popup, 25F, EV 88.1 MPH)
|
|
Batting: RHB Ron Gardenhire
|
0-0: Foul Ball, location: 2F 0-1: Ball 1-1: Foul Ball, location: 2F 1-2: Strikes out swinging
|
|
Batting: SHB R J Reynolds
|
0-0: Foul Ball, location: 2F 0-1: Ball 1-1: Ball 2-1: Called Strike 2-2: Ball 3-2: Foul Ball, location: 2F 3-2: Strikes out swinging
|
| Top of the 1st over - 0 runs, 0 hits, 0 errors, 0 left on base; St. Cloud 0 - Huron 0 |
| BOTTOM OF THE 1ST |
|
Huron Cubs batting - Pitching for St. Cloud Rox : LHP Sal Torres
|
|
Pitching: LHP Sal Torres
|
|
|
Batting: LHB Gary Varsho
|
0-0: Called Strike 0-1: Bunted foul 0-2: Strikes out swinging, 2-3 out at first.
|
|
Batting: RHB Greg Zunino
|
0-0: Ball 1-0: Foul Ball, location: 2F 1-1: Fly out, F4 (Line Drive, 4, EV 69.4 MPH)
|
|
Batting: RHB Mark Carreon
|
0-0: SINGLE (Line Drive, 9LS, EV 91.3 MPH)
|
|
Batting: RHB John Alvarez
|
0-0: Ball Mark Carreon steals 2nd base 1-0: Called Strike 1-1: Swinging Strike 1-2: Ball 2-2: Strikes out looking
|
| Bottom of the 1st over - 0 runs, 1 hit, 0 errors, 1 left on base; St. Cloud 0 - Huron 0 |
| TOP OF THE 2ND |
|
St. Cloud Rox batting - Pitching for Huron Cubs : RHP Rich N Thompson
|
|
Batting: LHB Tim Flannery
|
0-0: Ball 1-0: Called Strike 1-1: Swinging Strike 1-2: Ball 2-2: DOUBLE (Flyball, 89XD, EV 102.5 MPH)
|
|
Batting: RHB Bill Worden
|
0-0: Called Strike 0-1: Called Strike 0-2: Strikes out swinging
|
|
Batting: LHB Curtis Morgan
|
0-0: Foul Ball, location: 2F 0-1: Ball 1-1: Swinging Strike 1-2: Ground out 6-3 (Groundball, 6, EV 90.6 MPH) Tim Flannery to third
|
|
Batting: RHB Dennis Sherrill
|
0-0: Called Strike 0-1: Ball 1-1: Foul Ball, location: 2F 1-2: Strikes out looking
|
| Top of the 2nd over - 0 runs, 1 hit, 0 errors, 1 left on base; St. Cloud 0 - Huron 0 |
| BOTTOM OF THE 2ND |
|
Huron Cubs batting - Pitching for St. Cloud Rox : LHP Sal Torres
|
|
Batting: LHB Rob Nelson
|
0-0: Called Strike 0-1: Ball 1-1: Ball 2-1: Foul Ball, location: 2F 2-2: Ball 3-2: Foul Ball, location: 2F 3-2: Fly out, F6 (Popup, 15S, EV 81.9 MPH)
|
|
Batting: RHB Mike Stellern
|
0-0: Ball 1-0: SINGLE (Line Drive, 8RS, EV 103.1 MPH)
|
|
Batting: LHB Willis Gonzalez
|
0-0: Called Strike 0-1: Ball 1-1: Ball 2-1: Ball 3-1: Fly out, F9 (Flyball, 89M, EV 88.1 MPH)
|
|
Batting: SHB Keith Smith
|
0-0: Called Strike 0-1: Foul Ball, location: 2F 0-2: Foul Ball, location: 2F 0-2: Ball 1-2: Foul Ball, location: 2F 1-2: Ball 2-2: Ground out 6-3 (Groundball, 6S, EV 93.1 MPH)
|
| Bottom of the 2nd over - 0 runs, 1 hit, 0 errors, 1 left on base; St. Cloud 0 - Huron 0 |
| TOP OF THE 3RD |
|
St. Cloud Rox batting - Pitching for Huron Cubs : RHP Rich N Thompson
|
|
Batting: RHB Rich Velasquez
|
0-0: Ball 1-0: Fly out, F8 (Flyball, 78S, EV 89.4 MPH)
|
|
Batting: SHB Manny Galvez
|
0-0: DOUBLE (Line Drive, 78D, EV 109.4 MPH)
|
|
Batting: LHB Doran Perdue
|
0-0: Ball 1-0: Foul Ball, location: 2F 1-1: Foul Ball, location: 2F 1-2: Strikes out looking
|
|
Batting: RHB Ron Gardenhire
|
0-0: Foul Ball, location: 2F 0-1: Ball 1-1: Ball 2-1: Ground out 6-3 (Groundball, 6, EV 106.3 MPH)
|
| Top of the 3rd over - 0 runs, 1 hit, 0 errors, 1 left on base; St. Cloud 0 - Huron 0 |
| BOTTOM OF THE 3RD |
|
Huron Cubs batting - Pitching for St. Cloud Rox : LHP Sal Torres
|
|
Batting: RHB Phillip Wilson
|
0-0: Ball 1-0: Called Strike 1-1: Foul Ball, location: 2F 1-2: Ball 2-2: Foul Ball, location: 2F 2-2: Foul Ball, location: 2F 2-2: Foul Ball, location: 2F 2-2: Ball 3-2: Foul Ball, location: 2F 3-2: Base on Balls
|
|
Batting: LHB Gary Varsho
|
0-0: Swinging Strike 0-1: Called Strike 0-2: Ball 1-2: Strikes out swinging
|
|
Batting: RHB Greg Zunino
|
0-0: Called Strike 0-1: Ball 1-1: Foul Ball, location: 2F 1-2: Ball 2-2: Foul Ball, location: 2F 2-2: Foul Ball, location: 2F 2-2: SINGLE (Groundball, 6MD, EV 107.5 MPH) Phillip Wilson to second
|
|
Batting: RHB Mark Carreon
|
0-0: DOUBLE (Flyball, 8LXD, EV 108.8 MPH) Phillip Wilson scores Greg Zunino to third
|
|
Batting: RHB John Alvarez
|
0-0: Called Strike 0-1: Called Strike 0-2: Strikes out looking
|
|
Batting: LHB Rob Nelson
|
0-0: Ball 1-0: Ground out 3-1 (Groundball, 3L, EV 99.4 MPH)
|
| Bottom of the 3rd over - 1 run, 2 hits, 0 errors, 2 left on base; St. Cloud 0 - Huron 1 |
| TOP OF THE 4TH |
|
St. Cloud Rox batting - Pitching for Huron Cubs : RHP Rich N Thompson
|
|
Batting: SHB R J Reynolds
|
0-0: SINGLE (Line Drive, 4MD, EV 98.8 MPH)
|
|
Batting: LHB Tim Flannery
|
0-0: Swinging Strike 0-1: Ball 1-1: Fielders Choice at 2nd, 3-6 (Groundball, 3, EV 100.0 MPH)
|
|
Batting: RHB Bill Worden
|
0-0: Ball Tim Flannery is caught stealing 2nd base 2-4 1-0: Swinging Strike 1-1: Foul Ball, location: 2F 1-2: Ball 2-2: Strikes out swinging
|
| Top of the 4th over - 0 runs, 1 hit, 0 errors, 0 left on base; St. Cloud 0 - Huron 1 |
| BOTTOM OF THE 4TH |
|
Huron Cubs batting - Pitching for St. Cloud Rox : LHP Sal Torres
|
|
Batting: RHB Mike Stellern
|
0-0: Called Strike 0-1: Fly out, F8 (Flyball, 89XD, EV 93.8 MPH)
|
|
Batting: LHB Willis Gonzalez
|
0-0: Ball 1-0: Ground out U3 (Groundball, 3, EV 100.6 MPH)
|
|
Batting: SHB Keith Smith
|
0-0: Ground out 6-3 (Groundball, 6M, EV 111.3 MPH)
|
| Bottom of the 4th over - 0 runs, 0 hits, 0 errors, 0 left on base; St. Cloud 0 - Huron 1 |
| TOP OF THE 5TH |
|
St. Cloud Rox batting - Pitching for Huron Cubs : RHP Rich N Thompson
|
|
Batting: LHB Curtis Morgan
|
0-0: Ball 1-0: Ground out 1-3 (Groundball, 13S, EV 61.3 MPH)
|
|
Batting: RHB Dennis Sherrill
|
0-0: Ball 1-0: Called Strike 1-1: Fly out, F8 (Line Drive, 8RD, EV 103.8 MPH)
|
|
Batting: RHB Rich Velasquez
|
0-0: Swinging Strike 0-1: Foul Ball, location: 2F 0-2: Fly out, F9 (Flyball, 9, EV 80.6 MPH)
|
| Top of the 5th over - 0 runs, 0 hits, 0 errors, 0 left on base; St. Cloud 0 - Huron 1 |
| BOTTOM OF THE 5TH |
|
Huron Cubs batting - Pitching for St. Cloud Rox : LHP Sal Torres
|
|
Batting: RHB Phillip Wilson
|
0-0: Ball 1-0: Ball 2-0: Swinging Strike 2-1: SINGLE (Groundball, 6MD, EV 100.0 MPH) (infield hit)
|
|
Batting: LHB Gary Varsho
|
0-0: Ball 1-0: Ball 2-0: Sac Bunt to P - play at first, batter safe! Phillip Wilson to second
|
|
Batting: RHB Greg Zunino
|
0-0: Bunt missed! 0-1: Bunt missed! 0-2: Ball 1-2: Ball 2-2: Ball 3-2: SINGLE (Groundball, 56D, EV 109.4 MPH) Phillip Wilson to third Gary Varsho to second
|
|
Batting: RHB Mark Carreon
|
0-0: Ball 1-0: Ball 2-0: Grounds into fielders choice 4-2 (Groundball, 34, EV 90.6 MPH) Gary Varsho to third Greg Zunino to second
|
|
Batting: RHB John Alvarez
|
0-0: Ball 1-0: Ball 2-0: Grounds into fielders choice 3-2 (Groundball, 34, EV 81.9 MPH) Greg Zunino to third Mark Carreon to second
|
|
Batting: LHB Rob Nelson
|
0-0: Called Strike 0-1: Ball 1-1: Ball 2-1: Ball 3-1: Foul Ball, location: 2F 3-2: Ground out 6-3 (Groundball, 6M, EV 99.4 MPH)
|
| Bottom of the 5th over - 0 runs, 3 hits, 0 errors, 3 left on base; St. Cloud 0 - Huron 1 |
| TOP OF THE 6TH |
|
St. Cloud Rox batting - Pitching for Huron Cubs : RHP Rich N Thompson
|
|
Batting: SHB Manny Galvez
|
0-0: Fly out, F9 (Flyball, 89M, EV 84.4 MPH)
|
|
Batting: LHB Doran Perdue
|
0-0: Called Strike 0-1: Swinging Strike 0-2: Ground out 3-1 (Groundball, 23, EV 93.8 MPH)
|
|
Batting: RHB Ron Gardenhire
|
0-0: Ball 1-0: Ball 2-0: Ball 3-0: Called Strike 3-1: Fly out, F3 (Line Drive, 3, EV 69.4 MPH)
|
| Top of the 6th over - 0 runs, 0 hits, 0 errors, 0 left on base; St. Cloud 0 - Huron 1 |
| BOTTOM OF THE 6TH |
|
Huron Cubs batting - Pitching for St. Cloud Rox : LHP Sal Torres
|
|
Batting: RHB Mike Stellern
|
0-0: Swinging Strike 0-1: Ball 1-1: Fly out, F8 (Flyball, 89D, EV 96.3 MPH)
|
|
Batting: LHB Willis Gonzalez
|
0-0: Ball 1-0: Called Strike 1-1: Ground out 6-3 (Groundball, 6, EV 88.8 MPH)
|
|
Batting: SHB Keith Smith
|
0-0: Ball 1-0: Ball 2-0: Called Strike 2-1: Ball 3-1: Ground out 6-3 (Groundball, 6, EV 81.9 MPH)
|
| Bottom of the 6th over - 0 runs, 0 hits, 0 errors, 0 left on base; St. Cloud 0 - Huron 1 |
| TOP OF THE 7TH |
|
St. Cloud Rox batting - Pitching for Huron Cubs : RHP Rich N Thompson
|
|
Batting: SHB R J Reynolds
|
0-0: Ground out 6-3 (Groundball, 6, EV 85.0 MPH)
|
|
Batting: LHB Tim Flannery
|
0-0: Ball 1-0: Ball 2-0: Ball 3-0: Called Strike 3-1: Base on Balls
|
|
Batting: RHB Bill Worden
|
0-0: Called Strike 0-1: Ball 1-1: Ball 2-1: SINGLE (Groundball, 56D, EV 95.6 MPH) Tim Flannery to second
|
|
Batting: LHB Curtis Morgan
|
0-0: Called Strike 0-1: Fielders Choice at 2nd, 1-6 (Groundball, 13, EV 68.8 MPH) Tim Flannery to third
|
|
Batting: RHB Dennis Sherrill
|
0-0: Ball 1-0: Fielders Choice at 2nd, 6-4 (Groundball, 6, EV 81.9 MPH)
|
| Top of the 7th over - 0 runs, 1 hit, 0 errors, 2 left on base; St. Cloud 0 - Huron 1 |
| BOTTOM OF THE 7TH |
|
Huron Cubs batting - Pitching for St. Cloud Rox : LHP Sal Torres
|
|
Pitching: RHP Adrian Meagher
|
|
|
Batting: RHB Phillip Wilson
|
0-0: Called Strike 0-1: Ground out 2-3 (Groundball, 2R, EV 67.5 MPH)
|
|
Batting: LHB Gary Varsho
|
0-0: Ball 1-0: Ball 2-0: Ball 3-0: Base on Balls
|
|
Batting: RHB Greg Zunino
|
0-0: Ball Gary Varsho is caught stealing 2nd base 2-4 1-0: Swinging Strike 1-1: Foul Ball, location: 2F 1-2: Foul Ball, location: 2F 1-2: Foul Ball, location: 2F 1-2: Foul Ball, location: 2F 1-2: Foul Ball, location: 2F 1-2: Foul Ball, location: 2F 1-2: Ball 2-2: Ground out U3 (Groundball, 34, EV 100.6 MPH)
|
| Bottom of the 7th over - 0 runs, 0 hits, 0 errors, 0 left on base; St. Cloud 0 - Huron 1 |
| TOP OF THE 8TH |
|
St. Cloud Rox batting - Pitching for Huron Cubs : RHP Rich N Thompson
|
|
Batting: RHB Rich Velasquez
|
0-0: Foul Ball, location: 2F 0-1: Foul Ball, location: 2F 0-2: Strikes out swinging
|
|
Batting: SHB Manny Galvez
|
0-0: Ball 1-0: Fly out, F9 (Flyball, 9S, EV 76.3 MPH)
|
|
Batting: LHB Doran Perdue
|
0-0: Called Strike 0-1: Called Strike 0-2: Ball 1-2: Ball 2-2: Ground out 5-3 (Groundball, 56, EV 83.1 MPH)
|
| Top of the 8th over - 0 runs, 0 hits, 0 errors, 0 left on base; St. Cloud 0 - Huron 1 |
| BOTTOM OF THE 8TH |
|
Huron Cubs batting - Pitching for St. Cloud Rox : RHP Adrian Meagher
|
|
Batting: RHB Mark Carreon
|
0-0: Ball 1-0: Foul Ball, location: 2F 1-1: Ball 2-1: Fly out, F8 (Flyball, 8RXD, EV 91.3 MPH)
|
|
Batting: RHB John Alvarez
|
0-0: Swinging Strike 0-1: Ball 1-1: Called Strike 1-2: Ball 2-2: Ball 3-2: Fly out, F7 (Flyball, 7LM, EV 73.8 MPH)
|
|
Batting: LHB Rob Nelson
|
0-0: Foul Ball, location: 2F 0-1: Ball 1-1: Ball 2-1: Ground out 6-3 (Groundball, 6M, EV 80.6 MPH)
|
| Bottom of the 8th over - 0 runs, 0 hits, 0 errors, 0 left on base; St. Cloud 0 - Huron 1 |
| TOP OF THE 9TH |
|
St. Cloud Rox batting - Pitching for Huron Cubs : RHP Rich N Thompson
|
|
Now at 2B: Chris Pittaro
|
|
|
Now in RF: Thomas Copeland
|
|
|
Batting: RHB Ron Gardenhire
|
0-0: Called Strike 0-1: Swinging Strike 0-2: Foul Ball, location: 2F 0-2: Ball 1-2: Ball 2-2: Fly out, F7 (Flyball, 7S, EV 91.3 MPH)
|
|
Pitching: LHP Jose Soto
|
|
|
Batting: SHB R J Reynolds
|
0-0: Foul Ball, location: 2F 0-1: Ball 1-1: Foul Ball, location: 2F 1-2: Strikes out swinging
|
|
Batting: LHB Tim Flannery
|
0-0: Ball 1-0: Called Strike 1-1: Ball 2-1: Foul Ball, location: 2F 2-2: Ground out 4-3 (Groundball, 4, EV 86.9 MPH)
|
| Top of the 9th over - 0 runs, 0 hits, 0 errors, 0 left on base; St. Cloud 0 - Huron 1 |
|